 Dungeon Crawl Stone Soup version 0.27-a0-681-g0c81a3c1c3 (webtiles) character file.

Game seed: 17463949413890395497

896 Darkuwa the Basher (level 7, 0/93 HPs)
             Began as a Minotaur Berserker on Mar 19, 2021.
             Was a Priest of Trog.
             Succumbed to an orc's poison
             ... on level 6 of the Dungeon.
             The game lasted 00:08:53 (6065 turns).

Darkuwa the Basher (Minotaur Berserker)             Turns: 6065, Time: 00:08:53

Health: 0/93       AC: 12    Str: 24    XL:     7   Next: 78%
Magic:  6/6        EV: 12    Int:  4    God:    Trog [***...]
Gold:   249        SH:  0    Dex:  9    Spells: 6/6 levels left

rFire    . . .     SeeInvis .   a - +1 mace
rCold    . . .     Faith    .   (no shield)
rNeg     . . .     Spirit   .   r - +4 ring mail
rPois    .         Reflect  .   (helmet restricted)
rElec    .         Harm     .   s - +0 cloak
rCorr    .         Rampage  .   e - +0 pair of gloves
Will     .....                  (no boots)
Stlth    ..........             n - amulet of the acrobat
HPRegen  0.25/turn              (no ring)
MPRegen  0.10/turn              (no ring)

@: berserking, lethally poisoned (0 -> -25), very quick
A: horns 2, retaliatory headbutt
a: Renounce Religion, Berserk, Trog's Hand


You were on level 6 of the Dungeon.
You worshipped Trog.
Trog was most pleased with you.
You visited 1 branch of the dungeon, and saw 6 of its levels.

You collected 249 gold pieces.

Inventory:

Hand Weapons
 a - a +1 mace (weapon)
Armour
 b - a +0 animal skin
 e - a +0 pair of gloves (worn)
 r - a +4 ring mail (worn)
 s - a +0 cloak (worn)
Jewellery
 n - an amulet of the acrobat (around neck)
Wands
 q - a wand of paralysis (9)
 t - a wand of acid (8)
Scrolls
 c - 3 scrolls of magic mapping
 d - 2 scrolls of holy word
Potions
 f - 3 potions of curing
 o - a potion of might
 p - a potion of ambrosia


   Skills:
 + Level 5.9 Fighting
 + Level 8.0 Maces & Flails
 + Level 4.5 Armour
 + Level 4.3 Dodging
 + Level 1.7 Stealth


You had 6 spell levels left.
You didn't know any spells.
Your spell library was empty.

Dungeon Overview and Level Annotations

Branches:
Dungeon (6/15)             Temple (0/1) D:5

Altars:
Ashenzari
Elyvilon
Hepliaklqana
Kikubaaqudgha
Nemelex Xobeh
Qazlal
Ru
Sif Muna
Trog
Yredelemnul


Innate Abilities, Weirdness & Mutations

You have a pair of horns on your head.
You reflexively headbutt those who attack you in melee.


Message History

You are too injured to fight recklessly!
You are too injured to fight recklessly!
You are too injured to fight recklessly!
You are too injured to fight recklessly!
You are too injured to fight recklessly!
You are too injured to fight recklessly!
You sock the orc priest!
You kill the orc priest!
Trog accepts your kill.
You feel sick.
The orc warrior hits you with a +0 dire flail of protection!
* * * LOW HITPOINT WARNING * * *
The orc hits you with a +1 short sword of venom.
* * * LOW HITPOINT WARNING * * *
You are lethally poisoned!
Your Maces & Flails skill increases to level 8!
You closely miss the orc warrior.
* * * LOW HITPOINT WARNING * * *
You feel sick. The orc warrior misses you. The orc hits you but does no damage.
You are more poisoned.
You hit the orc warrior. Your headbutt misses the orc warrior.
The orc warrior is lightly wounded.
* * * LOW HITPOINT WARNING * * *
You feel sick.
You hit the orc warrior but do no damage.
You headbutt the orc warrior!
The orc warrior is heavily wounded.
* * * LOW HITPOINT WARNING * * *
You feel sick.
The orc warrior hits you with a +0 dire flail of protection!
* * * LOW HITPOINT WARNING * * *
The orc closely misses you.
You sock the orc warrior!
The orc warrior is severely wounded.
* * * LOW HITPOINT WARNING * * *
You feel sick. The orc warrior barely misses you.
You sock the orc warrior!
You kill the orc warrior!
Trog accepts your kill.
You die...

*** *,,,,,,,,,,,,, ##.###*
**,,,,,,,,,,,, **.....##
**,,*,,,,,,,,,
**,,⌠.⌠..##*,,**,,,,,,,,,
*,,,,_....#**,**,,,,,,,,,
*..,⌠,⌠...#*****,,,,,,,,*
*#..#.....#,,*,,,,,,,,,**
#..#..#)o#,,+,,,,*,,,,,*
###..##@)#,,*,*,,*,,*,,*
###.......##***,*,,,****,*
##..........#,,*,,,,****,,,
##....?.....##,,,,,##***,,,,
#....#......###,,*..###,,,,*
###*#............##*#....,,,***
##...#..##..#......##..#**,,****
#.......#.#.##......)..#******,,
**,*#.....#####........#*,,,,,,,


You could see an orc.

Vanquished Creatures
  2 sky beasts
  An orc warrior (D:6)
  A hornet zombie (D:5)
  An ogre (D:6)
  An ice beast (D:5)
  A howler monkey (D:5)
  A centaur skeleton (D:5)
  A bullfrog skeleton (D:5)
  An orc priest (D:6)
  An iguana (D:5)
  An orc wizard (D:4)
  3 worker ants
  4 adders
  A river rat (D:5)
  An ufetubus (D:5)
  An adder zombie (D:5)
  2 worms
  5 dart slugs
  3 leopard geckos
  8 orcs
  4 giant cockroaches
  15 goblins
  12 hobgoblins
  6 jackals
  A quokka (D:3)
  4 ball pythons
  8 bats
  5 frilled lizards
  A giant cockroach zombie (D:2)
  A jackal skeleton (D:5)
  15 kobolds
  A leopard gecko skeleton (D:4)
  A leopard gecko zombie (D:5)
  12 rats
126 creatures vanquished.

Vanquished Creatures (others)
  A plant (D:3)
1 creature vanquished.

Grand Total: 127 creatures vanquished

Notes
Turn   | Place    | Note
-------+----------+-------------------------------------------
     0 | D:1      | Darkuwa the Minotaur Berserker began the quest for the Orb.
     0 | D:1      | Reached XP level 1. HP: 19/19 MP: 0/0
   327 | D:1      | Reached XP level 2. HP: 27/27 MP: 1/1
   353 | D:1      | Reached skill level 4 in Maces & Flails
   737 | D:1      | You fall into a shaft and drop 1 floor!
   747 | D:2      | Found a bloodstained altar of Trog.
   832 | D:2      | Reached XP level 3. HP: 33/33 MP: 2/2
   846 | D:2      | Reached ** piety under Trog
  1687 | D:2      | Reached skill level 5 in Maces & Flails
  1687 | D:2      | Reached XP level 4. HP: 29/41 MP: 3/3
  1835 | D:2      | Found a faded altar of an unknown god.
  1856 | D:2      | Found an ancient bone altar of Kikubaaqudgha.
  2477 | D:3      | Found a hazy altar of Hepliaklqana.
  2701 | D:3      | Reached *** piety under Trog
  2712 | D:3      | Reached XP level 5. HP: 47/47 MP: 4/4
  3073 | D:3      | Found a white marble altar of Elyvilon.
  3147 | D:3      | Found a basalt altar of Yredelemnul.
  3581 | D:4      | Found a shimmering blue altar of Sif Muna.
  3610 | D:4      | Found a stormy altar of Qazlal.
  4355 | D:5      | Entered Level 5 of the Dungeon
  4375 | D:5      | Reached skill level 6 in Maces & Flails
  4375 | D:5      | Reached skill level 1 in Stealth
  4385 | D:5      | Reached skill level 5 in Fighting
  4385 | D:5      | Reached XP level 6. HP: 17/56 MP: 5/5
  4645 | D:5      | Found Loofuxkuen's General Store.
  4829 | D:5      | Noticed a sky beast
  4844 | D:5      | Killed a sky beast
  4935 | D:5      | Noticed an ice beast
  4968 | D:5      | Killed an ice beast
  4969 | D:5      | Reached skill level 7 in Maces & Flails
  4969 | D:5      | Reached XP level 7. HP: 19/61 MP: 6/6
  5237 | D:5      | Found a staircase to the Ecumenical Temple.
  5523 | D:5      | Found a broken altar of Ashenzari.
  5751 | D:5      | Found a sacrificial altar of Ru.
  6054 | D:6      | Found a sparkling altar of Nemelex Xobeh.
  6061 | D:6      | Reached skill level 8 in Maces & Flails
  6063 | D:6      | HP: 2/93 [orc warrior/+0 dire flail of protection (11)]
  6065 | D:6      | Succumbed to an orc's poison

Illustrated notes

Levels and vault maps discovered:
D:1:      dpeg_arrival_concentric_ovals, layout_basic
D:2:      layout_loops_ring, nicolae_overflow_crystal_walls,
          nicolae_overflow_hidden_temple, chequers_ecumenical_altar_simple,
          trog_three_pillars_becter
D:3:      cheibrodos_greedy_goblins, layout_loops_ring,
          nicolae_elyvilon_peaceful_grove, nicolae_hepliaklqana_hazy_memory,
          lemuel_coloured_pillars_altar, st_stairs_6
D:4:      layout_layer_cave, lemuel_round_altar,
          nicolae_qazlal_general_emergency
D:5:      layout_cave_pools, marbit_many_paths,
          minmay_temple_entry_drinking_statues, serial_shops, shop,
          portal_sewer_entry_e, grunt_decor_mini_mirrors,
          nicolae_ru_path_of_blood
D:6:      layout_cave_pools, nemelex_xobeh_ov_fountains_minmay,
          general_overflow_altar, sigmund_army, uniq_menkaure

Skill      XL: |  1  2  3  4  5  6  7 |
---------------+----------------------+-----
Fighting       | 4 5 |  5.9
Maces & Flails | 4 5 6 7 8 |  8.0
Dodging        | 3 4 |  4.3
Stealth        | 1 |  1.7
Armour         | 3 4 |  4.5

Action                   |  1- 3 |  4- 6 |  7- 9 || total
-------------------------+-------+-------+-------++-------
Melee: Mace              |    70 |   132 |    59 ||   261
       Headbutt          |     8 |    14 |    13 ||    35
Invok: Berserk           |     3 |     4 |     1 ||     8
  Use: Scroll            |       |       |     8 ||     8
       Potion            |       |       |     5 ||     5
 Stab: Sleeping          |     1 |       |       ||     1
Armor: Animal skin       |     8 |     9 |       ||    17
       Ring mail         |       |    17 |    20 ||    37
Dodge: Dodged            |    53 |    77 |    35 ||   165

Table legend: (Time is in decaauts)
 A = Elapsed time spent in this place.
 B = Non-inter-level travel time spent in this place.
 C = Inter-level travel time spent in this place.
 D = Time resting spent in this place.
 E = Time spent auto-exploring this place.
 F = Levels seen in this place.
 G = Mean time per level.
                   A        B        C        D        E       F      G
               +--------+--------+--------+--------+--------+-----+--------+
         Total |   6143 |   5902 |    241 |   1078 |   4036 |   6 | 1023.8 |
       Dungeon |   6143 |   5902 |    241 |   1078 |   4036 |   6 | 1023.8 |
               +--------+--------+--------+--------+--------+-----+--------+

Top non-repeatable levels by time:
     D:5: 1569 daAuts
     D:1: 1411 daAuts
     D:3: 1143 daAuts
     D:4: 957 daAuts
     D:2: 919 daAuts
     D:6: 141 daAuts
